AoeStats
← gatoandaluz

Arena

507115641Analyzed
1v1 RM · 16d ago on Sep 16, 2026· 36m 41s· 2 players
Game mode
Random Map
Map size
Tiny (2 player)
Population
200
Speed
Normal
Resources
Standard
Victory
Conquest
Starting age
Dark Age
Ending age
Imperial Age
RankedLock teamsTeams togetherTeam positionsShared explorationLock speedFull tech treeHidden civsTurbo modeCheats
Victory
Defeat
🇪🇸 Britons · Spain
284
+12
🇲🇽 Burgundians · Mexico
185
-12
gatoandaluz
11:51 Feudal Age
16:08 Double-Bit Axe
23:10 Castle Age
23:39 Light Cavalry
27:33 Wheelbarrow
26:44 Town Watch
33:53 Bow Saw
imoamce
1:47 Wheelbarrow
0:58 Loom
Connection lost

Rejoining the realm…

Still unreachable

The connection could not be restored.

Session expired

The server has moved on; the page needs a fresh start.